 Dungeon Crawl Stone Soup version 0.30-a0-1082-g70414cbcbb (webtiles) character file.

Game seed: 11275646032222418865

4402 xian the Fighter (level 10, -25/95 HPs)
             Began as an Ogre Gladiator on Apr 15, 2023.
             Was a Priest of Makhleb.
             Killed from afar by an acid dragon (31 damage)
             ... with a splash of acid
             ... on level 8 of the Dungeon.
             The game lasted 00:17:30 (8095 turns).

xian the Fighter (Ogre Gladiator)                   Turns: 8095, Time: 00:17:30

Health: -25/95     AC:  4    Str: 30    XL:     10   Next: 35%
Magic:  10/10      EV: 11    Int:  9    God:    Makhleb [***...]
Gold:   323        SH:  0    Dex: 10    Spells: 9/9 levels left

rFire   . . .      SeeInvis .    D - +1 dire flail (holy)
rCold   . . .      Faith    +    (shield currently unavailable)
rNeg    . . .      Spirit   .    Q - +0 steam dragon scales
rPois   .          Reflect  .    v - +2 hat
rElec   .          Rampage  .    (no cloak)
rCorr   .                        (gloves unavailable)
Will    +....                    (boots unavailable)
Stlth   ++                       y - amulet of faith
HPRegen 0.35/turn                l - ring of flight
MPRegen 0.12/turn                A - +6 ring of strength

@: corroded, flying
A: large, unfitting armour, tough skin 1, frail 1
a: Renounce Religion, Minor Destruction, Lesser Servant of Makhleb


You were on level 8 of the Dungeon.
You worshipped Makhleb.
Makhleb was most pleased with you.
You visited 1 branch of the dungeon, and saw 8 of its levels.

You collected 323 gold pieces.

Inventory:

Hand Weapons
 a - a +0 war axe
 D - a +1 dire flail of holy wrath (weapon)
Missiles
 d - 7 throwing nets
 m - 34 stones (quivered)
 x - 3 boomerangs
 B - 6 javelins
 C - 11 poisoned darts
 H - a large rock
 L - 3 curare-tipped darts
Armour
 k - an orb of light
 v - a +2 hat (worn)
 z - the +1 robe of Qazlal's Castigation {-Cast rPois rC- Will++}
   (You found it on level 4 of the Dungeon)

   rC:        It makes you vulnerable to cold.
   rPois:     It protects you from poison.
   -Cast:     It prevents spellcasting.
   Will:      It greatly increases your willpower.
 N - a +0 troll leather armour
 Q - +0 steam dragon scales (worn)
Jewellery
 l - a ring of flight (left hand)
 y - an amulet of faith (around neck)
 A - a +6 ring of strength (right hand)
 E - a ring of poison resistance
 J - a ring of wizardry
Wands
 e - a wand of iceblast (2)
 t - a wand of digging (6)
 O - a wand of flame (9)
 P - a wand of paralysis (8)
Scrolls
 c - a scroll of silence
 f - 4 scrolls of fear {unknown}
 h - 3 scrolls of immolation {unknown}
 i - 4 scrolls of teleportation {unknown}
 q - a scroll of enchant armour
 r - 2 scrolls of blinking
 w - 5 scrolls of fog
 G - 4 scrolls of amnesia {unknown}
 M - a scroll of poison
Potions
 b - a potion of cancellation {unknown}
 g - a potion of might {unknown}
 j - 6 potions of curing
 n - a potion of mutation {unknown}
 o - a potion of attraction {unknown}
 p - a potion of brilliance {unknown}
 s - 3 potions of degeneration {unknown}
 u - 2 potions of heal wounds {unknown}
 F - 3 potions of flight {unknown}
 I - a potion of haste {unknown}
 K - a potion of lignification {unknown}
 R - 2 potions of magic {unknown}


   Skills:
 + Level 8.4 Fighting
 + Level 8.3(9.6) Axes
 + Level 6.8(8.4) Maces & Flails
 + Level 2.7 Throwing
 + Level 2.0 Armour
 + Level 6.3 Dodging
 + Level 2.8 Stealth
 + Level 1.1 Invocations


You had 9 spell levels left.
You didn't know any spells.
Your spell library contained the following spells:

 Spells                   Type           Power      Damage    Failure   Level
 Slow                     Hex            0%         N/A       38%         1
 Confusing Touch          Hex            0%         N/A       77%         3
 Vampiric Draining        Necr           0%         2d6       77%         3


Dungeon Overview and Level Annotations

Branches:
Dungeon (8/15)             Temple (0/1) D:4
   Lair: D:8-11

Altars:
Ashenzari
Cheibriados
Dithmenos
Makhleb
Okawaru
Vehumet
Zin


Innate Abilities, Weirdness & Mutations

You are too large for most types of armour.
You have tough skin. (AC +1)
You are frail. (-10% HP)


Message History

You hit the orc warrior.
The orc warrior is almost dead.
You hear a shout!
A centaur comes into view.
You barely miss the orc warrior.
The orc warrior is almost dead.
The orc warrior hits you but does no damage.
The orc barely misses you. The orc closely misses you.
The centaur wields a +0 shortbow.
The centaur shoots an arrow.
The arrow hits you.
The orc warrior hits you with a +0 scimitar.
The acid dragon bites you! The acid dragon closely misses you.
Items here: ) [ ††.
You hit the acid dragon.
The acid dragon is lightly wounded.
The centaur shoots an arrow.
The arrow barely misses you.
The orc warrior hits you with a +0 scimitar.
The acid dragon spits acid at you. The splash of acid hits you!
The acid corrodes you! The orc hits you with a +0 club.
The orc closely misses you.
The centaur shoots an arrow.
The arrow hits you.
* * * LOW HITPOINT WARNING * * *
You hear a shout!
You feel better.
The orc warrior hits you with a +0 scimitar!
* * * LOW HITPOINT WARNING * * *
The acid dragon bites you but does no damage.
The acid dragon claws you.
* * * LOW HITPOINT WARNING * * *
The orc hits you with a +0 club.
* * * LOW HITPOINT WARNING * * *
The orc hits you with a +0 club.
* * * LOW HITPOINT WARNING * * *
The centaur shoots an arrow.
The arrow misses you.
The centaur shoots an arrow.
The arrow hits you!
* * * LOW HITPOINT WARNING * * *
The orc warrior closely misses you. The acid dragon spits acid at you.
The splash of acid hits you!!
You die...

..#.. .. ..> ....#
.# #8c. ##..##.#
##..##..)...##
..?..........###.#
..........<......#
..................
..)...............
##....@o.........
#...?.)o?........
......D.o........^
................≈#
................##
...............^.
................≈
...........(....
...............


You could see an orc warrior, an acid dragon (catching breath), a centaur and 2
orcs.

Vanquished Creatures
  Pikel (D:4)
  Maggie (D:7)
  A kobold demonologist (D:7)
  A troll (D:6)
  Sigmund (D:4)
  A wyvern (D:8)
  3 steam dragons
  Edmund (D:5)
  A water moccasin (D:7)
  2 sky beasts (D:7)
  2 black bears
  An ice beast (D:7)
  An ogre (D:5)
  4 centaurs
  2 kobold brigands (D:7)
  2 bullfrogs
  6 scorpions
  A killer bee (D:7)
  3 howler monkeys
  A jelly (D:6)
  A hound (D:4)
  2 gnoll boudas
  Jessica (D:2)
  Ijyb (D:4)
  2 sleepcaps
  2 iguanas
  2 orc wizards
  9 gnolls
  8 adders
  3 shadow imps (D:7)
  2 white imps
  3 ufetubi
  3 worms
  2 dart slugs
  11 orcs
  6 ball pythons
  3 endoplasms
  2 giant cockroaches
  7 goblins
  6 hobgoblins
  2 jackals (D:1)
  3 quokkas
  2 bats (D:2)
  3 frilled lizards
  8 kobolds
  8 rats
138 creatures vanquished.

Vanquished Creatures (collateral kills)
  A bullfrog (D:7)
1 creature vanquished.

Vanquished Creatures (others)
  An orc wizard (D:8)
  An orc (D:6)
2 creatures vanquished.

Grand Total: 141 creatures vanquished

Notes
Turn   | Place    | Note
-------+----------+-------------------------------------------
     0 | D:1      | xian the Ogre Gladiator began the quest for the Orb.
     0 | D:1      | Reached XP level 1. HP: 22/22 MP: 1/1
   183 | D:1      | Reached XP level 2. HP: 23/29 MP: 2/2
   962 | D:2      | Reached XP level 3. HP: 29/36 MP: 3/3
  1194 | D:2      | Noticed Jessica
  1207 | D:2      | Killed Jessica
  1208 | D:2      | Reached XP level 4. HP: 22/44 MP: 4/4
  1484 | D:2      | Found a faded altar of an unknown god.
  1974 | D:2      | Prayed at the altar of an unknown god.
  1974 | D:2      | Became a worshipper of Makhleb the Destroyer
  1974 | D:2      | Reached * piety under Makhleb
  2097 | D:3      | Found a faded altar of an unknown god.
  2110 | D:3      | Found a shadowy altar of Dithmenos.
  2558 | D:3      | Found a radiant altar of Vehumet.
  2561 | D:3      | Found a broken altar of Ashenzari.
  2719 | D:4      | Identified the +1 robe of Qazlal's Castigation {-Cast rPois
                  | rC- Will++}
  2817 | D:4      | Noticed Sigmund
  2825 | D:4      | Killed Sigmund
  2826 | D:4      | Reached skill level 5 in Axes
  2826 | D:4      | Reached XP level 5. HP: 47/54 MP: 5/5
  2826 | D:4      | Reached XP level 6. HP: 54/62 MP: 6/6
  2902 | D:4      | Noticed Pikel
  2914 | D:4      | Killed Pikel
  2915 | D:4      | Reached skill level 5 in Fighting
  2915 | D:4      | Reached skill level 1 in Stealth
  2915 | D:4      | Reached XP level 7. HP: 56/72 MP: 7/7
  3158 | D:4      | Found a staircase to the Ecumenical Temple.
  3392 | D:4      | Reached ** piety under Makhleb
  3393 | D:4      | Reached XP level 8. HP: 80/80 MP: 8/8
  3449 | D:4      | Found a glowing silver altar of Zin.
  3515 | D:4      | Noticed Ijyb
  3529 | D:4      | Killed Ijyb
  4076 | D:5      | Entered Level 5 of the Dungeon
  4300 | D:5      | Noticed Edmund
  4318 | D:5      | Killed Edmund
  4803 | D:5      | Reached skill level 1 in Maces & Flails
  5940 | D:6      | Noticed a troll
  5948 | D:6      | Killed a troll
  5949 | D:6      | Reached skill level 5 in Dodging
  5949 | D:6      | Reached XP level 9. HP: 54/92 MP: 9/9
  6093 | D:6      | Found an iron altar of Okawaru.
  6411 | D:7      | Reached *** piety under Makhleb
  6438 | D:7      | Found a burning altar of Makhleb.
  6502 | D:7      | Reached skill level 1 in Armour
  6509 | D:7      | Noticed Maggie
  6522 | D:7      | Killed Maggie
  6806 | D:7      | Noticed a kobold demonologist
  6814 | D:7      | Gained mutation: You are frail. (-10% HP) [a neqoxec]
  6818 | D:7      | Killed a kobold demonologist
  6819 | D:7      | Reached skill level 5 in Maces & Flails
  6982 | D:7      | Reached XP level 10. HP: 92/93 MP: 10/10
  7265 | D:7      | Reached skill level 1 in Invocations
  7585 | D:7      | Found a snail-covered altar of Cheibriados.
  8095 | D:8      | Killed from afar by an acid dragon

Illustrated notes

Levels and vault maps discovered:
D:1:      lemuel_arrival_muddy, layout_basic, serial_park_tiny_pond
D:2:      layout_basic, shapermc_ecumenical_altar_venn, uniq_jessica
D:3:      layout_rooms, nicolae_overflow_ecumenical_swirl,
          nicolae_overflow_hidden_temple, minivault_19
D:4:      layout_layer_cave, zin_statuary, minmay_temple_entry_mini_moons,
          hangedman_decor_peaks_small, minmay_misc_feat_hallway, uniq_sigmund,
          uniq_pikel, uniq_ijyb
D:5:      layout_basic, uniq_edmund
D:6:      layout_basic, kennysheep_okawaru_gauntlet
D:7:      minmay_thinvault, layout_cave_pools, lemuel_crystal_altar,
          bloody_makhleb, serial_co_window_serial, co_window_paths_a,
          co_window_of_opportunity_a, co_window_paths_a, co_window_paths_a,
          co_window_paths_b, co_window_paths_b, co_window_paths_a,
          co_window_corner_a, co_window_corner_a, co_window_broadway_c,
          co_window_2corner, co_window_2corner, co_window_paths_c,
          glass_columns_a, glass_columns_c, uniq_maggie
D:8:      layout_rooms, grunt_qazlal_sundering, lair_entry_dummy,
          gammafunk_ghost_grave, st_stairs_6, uniq_joseph

Skill      XL: |  1  2  3  4  5  6  7  8  9 10 |
---------------+-------------------------------+-----
Dodging        | 3 4 5 6 |  6.3
Axes           | 4 5 7 8 |  8.3
Fighting       | 4 5 6 7 8 |  8.4
Stealth        | 1 2 |  2.8
Maces & Flails | 3 5 6 |  6.8
Armour         | 2 |  2.0
Invocations    | 1 |  1.1
Throwing       | |  2.7

Action                     |  1- 3 |  4- 6 |  7- 9 | 10-12 || total
---------------------------+-------+-------+-------+-------++-------
  Melee: War axe           |    88 |    53 |    70 |       ||   211
         Dire flail        |       |       |   192 |    92 ||   284
         Punch             |       |       |     1 |       ||     1
  Throw: Large rock        |       |     2 |     3 |       ||     5
         Stone             |       |       |    16 |     8 ||    24
 Invoke: Minor Destruction |       |       |     1 |       ||     1
         Lesser Servant of |       |       |       |     1 ||     1
    Use: Scroll            |       |       |       |     6 ||     6
         Potion            |       |       |       |     1 ||     1
 Armour: Robe              |    25 |    22 |    63 |       ||   110
         Troll leather arm |       |       |    36 |       ||    36
         Steam dragon scal |       |       |    18 |    45 ||    63
  Dodge: Dodged            |    60 |    35 |   161 |    59 ||   315

Table legend: (Time is in decaauts)
 A = Elapsed time spent in this place.
 B = Non-inter-level travel time spent in this place.
 C = Inter-level travel time spent in this place.
 D = Time resting spent in this place.
 E = Time spent auto-exploring this place.
 F = Levels seen in this place.
 G = Mean time per level.
                   A        B        C        D        E       F      G
               +--------+--------+--------+--------+--------+-----+--------+
         Total |   8146 |   7863 |    283 |      0 |   6114 |   8 | 1018.2 |
       Dungeon |   8146 |   7863 |    283 |      0 |   6114 |   8 | 1018.2 |
               +--------+--------+--------+--------+--------+-----+--------+

Top non-repeatable levels by time:
     D:7: 1668 daAuts
     D:4: 1551 daAuts
     D:5: 1396 daAuts
     D:2: 1127 daAuts
     D:1: 923 daAuts
     D:6: 866 daAuts
     D:3: 594 daAuts
     D:8: 17 daAuts
